[Event "FIDE World Rapid Chess Championship 2021"]
[White "Aditya, Mittal"]
[Black "Zvjaginsev, Vadim"]
[WhiteFideId "35042025"]
[BlackFideId "4113403"]
[WhiteElo "1488"]
[BlackElo "2539"]
[Result "1-0"]
[Round "01"]
[TimeControl "900+10"]
[Date "2021.12.26"]
[WhiteClock "0:01:13"]
[BlackClock "0:00:56"]

1. d4 Nf6 2. c4 d6 3. Nc3 g6 4. e4 Bg7 5. Be2 O-O 6. Be3 c5 7. d5 e6 8. Nf3 exd5 9. cxd5 Bg4 10. Nd2 Bxe2 11. Qxe2 Nbd7 12. O-O Re8 13. h3 a6 14. a4 Rb8 15. Bf4 Ne5 16. a5 Nfd7 17. Rfb1 f5 18. Be3 Qh4 19. exf5 gxf5 20. Ra4 Qf6 21. Nf3 Nxf3+ 22. Qxf3 Ne5 23. Qd1 b5 24. axb6 Rxb6 25. Ne2 Ng6 26. Qd2 Rxb2 27. Rxb2 Qxb2 28. Qxb2 Bxb2 29. Rxa6 Be5 30. f4 Bg7 31. Kf2 Rd8 32. Ra7 Kf8 33. Bd2 Ne7 34. Ba5 Rc8 35. Bc7 Nxd5 36. Bxd6+ Kg8 37. Ra5 Nc3 38. Ng3 Ne4+ 39. Nxe4 fxe4 40. Ke3 c4 41. Kxe4 Rd8 42. Be5 Bxe5 43. Kxe5 Rc8 44. Ra2 c3 45. Rc2 Rc4 46. g3 Rc6 47. Kd5 Rc8 48. Kd4 Rd8+ 49. Kxc3 Kf7 50. Rd2 Ra8 51. Kd4 Ra1 52. Ke5 Ra3 53. Rg2 Kg6 54. f5+ Kg5 55. h4+ Kg4 56. f6 Rf3 57. Ke6 Kh5 58. g4+ Kxh4 59. f7 Kg5 60. Ke7 Re3+ 61. Kd7 Rf3 62. Ke7 Re3+ 63. Kd7 Rf3 64. Ke8 Re3+ 65. Kf8 1-0


[Site "http://www.Chess.com"]

[Event "FIDE World Rapid Chess Championship 2021"]
[White "Antipov, Mikhail Al."]
[Black "Krasenkow, Michal"]
[WhiteFideId "4107012"]
[BlackFideId "1113100"]
[WhiteElo "2644"]
[BlackElo "2430"]
[Result "1-0"]
[Round "01"]
[TimeControl "900+10"]
[Date "2021.12.26"]
[WhiteClock "0:00:27"]
[BlackClock "0:01:35"]

1. e4 g6 2. d4 Bg7 3. Nf3 d6 4. Be3 Nf6 5. Nc3 c6 6. Qd2 Bg4 7. Ng1 e5 8. h3 Be6 9. dxe5 dxe5 10. Qxd8+ Kxd8 11. Nf3 Nbd7 12. Ng5 Re8 13. Nxe6+ Rxe6 14. Bc4 Re7 15. a4 a5 16. O-O-O Kc7 17. g4 b6 18. Rd2 Nc5 19. f3 Rd8 20. Rxd8 Kxd8 21. b3 Nfd7 22. Ne2 Kc7 23. c3 Ne6 24. Kc2 Ndc5 25. h4 Rd7 26. h5 Bf6 27. hxg6 fxg6 28. b4 axb4 29. cxb4 Bg5 30. Bxg5 Nxg5 31. bxc5 Nxf3 32. cxb6+ Kxb6 33. Rb1+ Kc5 34. Bd3 Ra7 35. Rc1 h5 36. gxh5 gxh5 37. Ng3 h4 38. Nf5 h3 39. Kd1+ Kb6 40. Ke2 Ng5 41. Rb1+ Kc5 42. Rc1+ Kb6 43. Rb1+ Kc5 44. Ra1 Ne6 45. Kf2 Nf4 46. Be2 Kb4 47. Bg4 c5 48. Ne3 c4 49. Nd5+ Kb3 50. Nxf4 exf4 51. e5 Kb2 52. Re1 c3 53. Re2+ Kb3 54. Be6+ Kb4 55. Bxh3 Rxa4 56. Re4+ 1-0


[Site "http://www.Chess.com"]

[Event "FIDE World Rapid Chess Championship 2021"]
[White "Aziz, Husain"]
[Black "Alekseenko, Kirill"]
[WhiteFideId "12100293"]
[BlackFideId "4135539"]
[WhiteElo "2430"]
[BlackElo "2637"]
[Result "0-1"]
[Round "01"]
[TimeControl "900+10"]
[Date "2021.12.26"]
[WhiteClock "0:00:21"]
[BlackClock "0:04:47"]

1. e4 c5 2. Nf3 d6 3. Bb5+ Nd7 4. d4 cxd4 5. Qxd4 a6 6. Bxd7+ Bxd7 7. Nc3 Nf6 8. Bg5 Rc8 9. O-O-O h6 10. Bxf6 gxf6 11. Nd5 Rg8 12. Nb6 Rc6 13. Nxd7 Qxd7 14. g3 Qc7 15. Qd3 e6 16. Kb1 Be7 17. Nd4 Rc4 18. Rhe1 Rg5 19. f4 Rgc5 20. f5 e5 21. Nb3 Rb5 22. Nd2 Rd4 23. Qe3 d5 24. c3 Ra4 25. exd5 Qa5 26. d6 Rxa2 27. d7+ Kd8 28. Nc4 Qa4 29. Kc1 Qxc4 30. Qa7 Qxc3+ 0-1


[Site "http://www.Chess.com"]

[Event "FIDE World Rapid Chess Championship 2021"]
[White "Nevednichy, Vladislav"]
[Black "Sjugirov, Sanan"]
[WhiteFideId "1205730"]
[BlackFideId "4189302"]
[WhiteElo "2425"]
[BlackElo "2634"]
[Result "0-1"]
[Round "01"]
[TimeControl "900+10"]
[Date "2021.12.26"]
[WhiteClock "0:00:00"]
[BlackClock "0:07:58"]

1. e4 e5 2. Nf3 Nc6 3. Bc4 Nf6 4. d3 Bc5 5. O-O d6 6. c3 a6 7. a4 h6 8. Re1 Ba7 9. Nbd2 g5 10. Nf1 g4 11. N3d2 h5 12. Nb3 g3 13. hxg3 Bg4 14. Qc2 h4 15. Bg5 hxg3 16. Nxg3 Nh5 17. Be3 Qh4 18. Bxa7 Nf4 19. f3 Bxf3 20. Kf2 Bxg2 21. Rh1 Bxh1 22. Rxh1 Qf6 23. Rxh8+ Qxh8 24. Kf3 Nxa7 25. Nd2 Nc6 26. Ndf1 O-O-O 27. b4 f5 28. exf5 0-1


[Site "http://www.Chess.com"]

[Event "FIDE World Rapid Chess Championship 2021"]
[White "Riazantsev, Alexander"]
[Black "Dziuba, Marcin"]
[WhiteFideId "4125029"]
[BlackFideId "1112953"]
[WhiteElo "2632"]
[BlackElo "2424"]
[Result "0-1"]
[Round "01"]
[TimeControl "900+10"]
[Date "2021.12.26"]
[WhiteClock "0:00:15"]
[BlackClock "0:02:02"]

1. e4 c5 2. Nf3 d6 3. Bb5+ Bd7 4. Bxd7+ Nxd7 5. O-O Ngf6 6. Re1 e6 7. c3 Be7 8. d4 O-O 9. e5 Ne8 10. Qe2 Rc8 11. exd6 Bxd6 12. Nbd2 cxd4 13. Nxd4 Nef6 14. Nxe6 Bxh2+ 15. Kxh2 fxe6 16. Kg1 Kh8 17. Nf1 e5 18. Be3 Qa5 19. c4 e4 20. Ng3 Ne5 21. b3 Rce8 22. Bd4 Nd3 23. Rf1 Nf4 24. Qb2 Qg5 25. Be3 Ng4 26. Rfe1 Qh4 27. Nf1 Nd3 28. Qd4 Rxf2 29. Qd6 Rf6 30. Qc7 Nxe1 31. Bd4 Rg6 32. Qf7 Nf3+ 0-1


[Site "http://www.Chess.com"]

[Event "FIDE World Rapid Chess Championship 2021"]
[White "Cuenca Jimenez, Jose Fernando"]
[Black "Volokitin, Andrei"]
[WhiteFideId "2255570"]
[BlackFideId "14107090"]
[WhiteElo "2421"]
[BlackElo "2631"]
[Result "0-1"]
[Round "01"]
[TimeControl "900+10"]
[Date "2021.12.26"]
[WhiteClock "0:00:33"]
[BlackClock "0:01:29"]

1. d4 Nf6 2. c4 e6 3. Nf3 d5 4. Nc3 Bb4 5. Qa4+ Nc6 6. a3 Bxc3+ 7. bxc3 Bd7 8. cxd5 exd5 9. Bg5 h6 10. Bxf6 Qxf6 11. e3 O-O 12. Be2 b6 13. O-O Rfd8 14. Rac1 Na5 15. Qb4 Rac8 16. c4 dxc4 17. Bxc4 Nxc4 18. Rxc4 Bc6 19. Nd2 Bd5 20. Rc3 c5 21. dxc5 Bxg2 22. Kxg2 Rxd2 23. Rc4 Rd5 24. Rfc1 bxc5 25. Qc3 Rg5+ 26. Kf1 Qf3 27. Rf4 Qh3+ 28. Ke2 Qh5+ 29. Kf1 Qxh2 30. Qc4 Rg1+ 31. Ke2 Qh5+ 32. Rf3 Rxc1 33. Qxc1 Rc6 34. Qd1 Rf6 35. Qd8+ Kh7 36. Qd3+ g6 0-1


[Site "http://www.Chess.com"]

[Event "FIDE World Rapid Chess Championship 2021"]
[White "Predke, Alexandr"]
[Black "Sadzikowski, Daniel"]
[WhiteFideId "24107581"]
[BlackFideId "1132253"]
[WhiteElo "2630"]
[BlackElo "2414"]
[Result "1-0"]
[Round "01"]
[TimeControl "900+10"]
[Date "2021.12.26"]
[WhiteClock "0:03:29"]
[BlackClock "0:00:33"]

1. d4 Nf6 2. c4 e6 3. Nc3 Bb4 4. e3 O-O 5. Bd3 d5 6. cxd5 exd5 7. a3 Bd6 8. Qc2 a6 9. Nge2 Re8 10. O-O Nbd7 11. Nf4 c6 12. f3 Bxf4 13. exf4 c5 14. Qf2 cxd4 15. Qxd4 Qb6 16. Ne2 Qxd4+ 17. Nxd4 Nc5 18. Bc2 Bd7 19. Bd2 Rac8 20. Rac1 Ne6 21. Nxe6 Rxe6 22. Bd3 Rxc1 23. Rxc1 Rc6 24. Rxc6 Bxc6 25. Bc3 Nd7 26. Bd4 Bb5 27. Bc2 Nb8 28. Kf2 Nc6 29. Ke3 Bf1 30. g3 h5 31. g4 Bg2 32. Bc5 d4+ 33. Kf2 Bh3 34. Bd3 hxg4 35. Kg3 f5 36. Bxf5 Bf1 37. Kf2 Bc4 38. fxg4 Kf7 39. Bc8 d3 40. Ke3 Na5 41. Bb4 Nc6 42. Bxb7 Nxb4 43. axb4 1-0


[Site "http://www.Chess.com"]

[Event "FIDE World Rapid Chess Championship 2021"]
[White "Saraci, Nderim"]
[Black "Vidit, Santosh Gujrathi"]
[WhiteFideId "6351921"]
[BlackFideId "5029465"]
[WhiteElo "2414"]
[BlackElo "2629"]
[Result "0-1"]
[Round "01"]
[TimeControl "900+10"]
[Date "2021.12.26"]
[WhiteClock "0:00:13"]
[BlackClock "0:00:25"]

1. d4 Nf6 2. Nf3 d5 3. c4 e6 4. g3 Bb4+ 5. Bd2 a5 6. Qc2 O-O 7. Bg2 c5 8. cxd5 cxd4 9. Nxd4 Qb6 10. e3 exd5 11. O-O Nc6 12. Nxc6 bxc6 13. Rc1 Rb8 14. Nc3 h5 15. Na4 Qd8 16. Bxb4 Rxb4 17. b3 h4 18. Qxc6 h3 19. Bf1 d4 20. Qc7 dxe3 21. Qxd8 exf2+ 22. Kxf2 Rxd8 23. Rd1 Rbd4 24. Nc3 Bg4 25. Rxd4 Rxd4 26. Ke3 Rd8 27. Rc1 g6 28. Bd3 Kg7 29. Rf1 Bh5 30. Be2 Re8+ 31. Kd2 Bxe2 32. Nxe2 Ng4 33. Rh1 Rd8+ 34. Kc1 g5 35. Nc3 Kg6 36. a3 Rd3 37. Kc2 Rf3 38. Nd1 f5 39. b4 Rxa3 40. b5 Ra4 41. Nc3 Rb4 42. Rb1 Rxb1 43. Nxb1 Nxh2 44. b6 Nf3 45. Nd2 Nd4+ 46. Kd3 h2 47. Kxd4 0-1


[Site "http://www.Chess.com"]

[Event "FIDE World Rapid Chess Championship 2021"]
[White "Peng, Li Min"]
[Black "Howell, David W L"]
[WhiteFideId "14112620"]
[BlackFideId "410608"]
[WhiteElo "2411"]
[BlackElo "2624"]
[Result "1/2-1/2"]
[Round "01"]
[TimeControl "900+10"]
[Date "2021.12.26"]
[WhiteClock "0:06:29"]
[BlackClock "0:01:46"]

1. d4 Nf6 2. c4 g6 3. Nc3 d5 4. cxd5 Nxd5 5. e4 Nxc3 6. bxc3 Bg7 7. Nf3 c5 8. Be3 Qa5 9. Qd2 Nc6 10. Rc1 cxd4 11. cxd4 Qxd2+ 12. Kxd2 O-O 13. Bb5 f5 14. exf5 Bxf5 15. Bxc6 bxc6 16. Rxc6 Rab8 17. Ra1 Rb2+ 18. Ke1 Rfb8 19. Nd2 R8b4 20. Nc4 Rc2 21. Ne5 Bxe5 22. Rxc2 Bxc2 23. dxe5 Rb1+ 24. Rxb1 Bxb1 25. Bxa7 Bxa2 26. Kd2 Kf7 27. Ke3 Ke6 28. Kf4 h5 29. Bd4 Bd5 30. f3 Kf7 31. g4 Bc6 32. Kg3 e6 33. gxh5 gxh5 34. Kf4 1/2-1/2


[Site "http://www.Chess.com"]

[Event "FIDE World Rapid Chess Championship 2021"]
[White "Cheparinov, Ivan"]
[Black "Dragnev, Valentin"]
[WhiteFideId "2905540"]
[BlackFideId "1634852"]
[WhiteElo "2621"]
[BlackElo "2409"]
[Result "1-0"]
[Round "01"]
[TimeControl "900+10"]
[Date "2021.12.26"]
[WhiteClock "0:01:56"]
[BlackClock "0:00:38"]

1. d4 Nf6 2. c4 e6 3. Nf3 d5 4. g3 Bb4+ 5. Bd2 Be7 6. Bg2 O-O 7. O-O Nbd7 8. Qc2 c6 9. Rd1 b6 10. b3 a5 11. Bc3 Ne4 12. Bb2 Bb7 13. Nc3 f5 14. e3 Bd6 15. Ne5 Rc8 16. Rac1 Qe7 17. Na4 Nxe5 18. dxe5 Bc7 19. f3 Ng5 20. h4 Nf7 21. f4 Nh6 22. cxd5 exd5 23. Qe2 Rfd8 24. Rd2 Rd7 25. Bd4 c5 26. Bb2 Qe6 27. Rcd1 Nf7 28. Nc3 Rcd8 29. Bf3 Nxe5 30. fxe5 Bxe5 31. Qf2 h6 32. h5 Kh8 33. Ne2 Bxb2 34. Nf4 Qe8 35. Rxb2 d4 36. exd4 Bxf3 37. Qxf3 cxd4 38. Re2 Qf7 39. Ng6+ 1-0


[Site "http://www.Chess.com"]

[Event "FIDE World Rapid Chess Championship 2021"]
[White "Blohberger, Felix"]
[Black "Dreev, Aleksey"]
[WhiteFideId "1632051"]
[BlackFideId "4100107"]
[WhiteElo "2409"]
[BlackElo "2621"]
[Result "0-1"]
[Round "01"]
[TimeControl "900+10"]
[Date "2021.12.26"]
[WhiteClock "0:00:12"]
[BlackClock "0:01:49"]

1. d4 Nf6 2. Nf3 e6 3. Bf4 c5 4. e3 Nc6 5. c3 Nh5 6. Bg5 Qb6 7. Qb3 h6 8. Bh4 g5 9. Bg3 Nxg3 10. hxg3 Bg7 11. Be2 d5 12. g4 c4 13. Qc2 e5 14. Nxe5 Bxe5 15. dxe5 Nxe5 16. Nd2 Bxg4 17. Bxg4 Nxg4 18. Nf3 O-O-O 19. Qf5+ Qe6 20. Nd4 Qxf5 21. Nxf5 h5 22. Rd1 Kc7 23. Ke2 Nf6 24. Rd4 Rde8 25. b3 cxb3 26. axb3 h4 27. Rd2 Re5 28. Nd4 g4 29. Rc2 Ne4 30. c4 dxc4 31. Rxc4+ Kb8 32. Rh2 Nxf2 33. g3 Nh3 34. gxh4 Rxh4 35. Kd3 Rh8 36. Rg2 f5 37. b4 Rhe8 38. Rg3 Nf2+ 39. Ke2 Ne4 40. Rg2 Nf6 41. Nc2 Nd5 42. Rg3 Rh8 43. Ne1 Rh2+ 44. Kd3 Rh3 45. Rxh3 gxh3 46. Nc2 Re4 0-1


[Site "http://www.Chess.com"]

[Event "FIDE World Rapid Chess Championship 2021"]
[White "Petrosian, Tigran L."]
[Black "Holm, Kristian Stuvik"]
[WhiteFideId "13301616"]
[BlackFideId "1508083"]
[WhiteElo "2621"]
[BlackElo "2409"]
[Result "1-0"]
[Round "01"]
[TimeControl "900+10"]
[Date "2021.12.26"]
[WhiteClock "0:00:00"]
[BlackClock "0:00:00"]

1. Nf3 d5 2. g3 Nf6 3. Bg2 c5 4. O-O Nc6 5. d3 e5 6. Bg5 Be7 7. Nfd2 Be6 8. c4 d4 9. Na3 O-O 10. Nc2 h6 11. Bxf6 Bxf6 12. Rb1 Be7 13. Re1 Qd7 14. a3 a5 15. e3 dxe3 16. Nxe3 Qxd3 17. Nd5 Bxd5 18. cxd5 Nd4 19. Rxe5 Bd6 20. Re3 Qg6 21. a4 Rfe8 22. Nc4 f5 23. Qd3 Qf6 24. Rbe1 Kf8 25. Nb6 Rad8 26. Rxe8+ Rxe8 27. Nd7+ Kf7 28. Rxe8 1-0


[Site "http://www.Chess.com"]

[Event "FIDE World Rapid Chess Championship 2021"]
[White "Thybo, Jesper Sondergaard"]
[Black "Santos Latasa, Jaime"]
[WhiteFideId "1438832"]
[BlackFideId "2293307"]
[WhiteElo "2401"]
[BlackElo "2618"]
[Result "1/2-1/2"]
[Round "01"]
[TimeControl "900+10"]
[Date "2021.12.26"]
[WhiteClock "0:04:19"]
[BlackClock "0:03:40"]

1. d4 Nf6 2. c4 e6 3. Nf3 d5 4. g3 Bb4+ 5. Bd2 Be7 6. Bg2 c6 7. Qc2 b6 8. O-O Bb7 9. Bf4 Nbd7 10. Rd1 Rc8 11. Nc3 dxc4 12. Ne5 Nd5 13. Nxc4 Nxf4 14. gxf4 O-O 15. e3 Qc7 16. Rac1 g6 17. a3 Rfd8 18. b4 Qb8 19. Qb3 Ba8 20. Ne4 Bb7 21. Nc3 Ba8 22. a4 b5 23. Na5 bxa4 24. Nxa4 Qxb4 25. Qxb4 Bxb4 26. Nxc6 Bxc6 27. Bxc6 Nf6 28. Bb7 Rb8 29. Bf3 Rbc8 30. Bb7 Rb8 31. Bf3 Rbc8 32. Bb7 1/2-1/2


[Site "http://www.Chess.com"]

[Event "FIDE World Rapid Chess Championship 2021"]
[White "Heimann, Andreas"]
[Black "Jakubowski, Krzysztof"]
[WhiteFideId "24624632"]
[BlackFideId "1112848"]
[WhiteElo "2616"]
[BlackElo "2399"]
[Result "0-1"]
[Round "01"]
[TimeControl "900+10"]
[Date "2021.12.26"]
[WhiteClock "0:00:18"]
[BlackClock "0:00:41"]

1. d4 Nf6 2. c4 e6 3. Nf3 d5 4. g3 dxc4 5. Bg2 c6 6. O-O b5 7. Nc3 Be7 8. Ne5 Nd5 9. a4 f6 10. Nf3 b4 11. Nb1 a5 12. e4 Nb6 13. Be3 O-O 14. Nbd2 Ba6 15. Re1 N8d7 16. Bh3 f5 17. Qc2 b3 18. Qb1 g6 19. d5 cxd5 20. Nd4 Nc5 21. exf5 exf5 22. Nc6 Qd7 23. Nxe7+ Qxe7 24. Bd4 Qc7 25. Nf3 Rae8 26. Qc1 Re4 27. Rxe4 dxe4 28. Ng5 Re8 29. Bf1 h6 30. Nh3 Kh7 31. Nf4 Nd3 32. Qe3 Nd7 33. Bxd3 cxd3 34. Rc1 Qd6 35. Bc3 Rc8 36. Kg2 Qc5 37. Qe1 Bb7 38. Kh3 g5 0-1


[Site "http://www.Chess.com"]

[Event "FIDE World Rapid Chess Championship 2021"]
[White "Bellahcene, Bilel"]
[Black "Amin, Bassem"]
[WhiteFideId "696358"]
[BlackFideId "10601457"]
[WhiteElo "2397"]
[BlackElo "2614"]
[Result "1-0"]
[Round "01"]
[TimeControl "900+10"]
[Date "2021.12.26"]
[WhiteClock "0:00:54"]
[BlackClock "0:00:13"]

1. d4 Nf6 2. c4 g6 3. Nc3 Bg7 4. e4 d6 5. h3 O-O 6. Nf3 e5 7. d5 Na6 8. Be3 Nh5 9. Nh2 Qe8 10. Be2 Nf4 11. Bf3 f5 12. O-O g5 13. Bxf4 exf4 14. Re1 Nc5 15. exf5 Qf7 16. Bh5 Qxf5 17. Re7 Qf6 18. Rxc7 Qd8 19. Rxg7+ Kxg7 20. b4 Nd7 21. Ne4 Ne5 22. Qd4 Bf5 23. c5 Bxe4 24. Qxe4 Qf6 25. Re1 Ng6 26. Ng4 Qc3 27. Bxg6 hxg6 28. cxd6 f3 29. d7 fxg2 30. Re3 Qd2 31. Qe5+ Kh7 32. Qe7+ Kg8 33. Qe6+ Kg7 34. Kxg2 Qxb4 35. Qe5+ Kh7 36. Qxg5 Qd6 37. Re6 Qf4 38. Re7+ Kh8 39. Qh4+ 1-0


[Site "http://www.Chess.com"]

[Event "FIDE World Rapid Chess Championship 2021"]
[White "Nakamura, Hikaru"]
[Black "Van Foreest, Jorden"]
[WhiteFideId "2016192"]
[BlackFideId "1039784"]
[WhiteElo "2836"]
[BlackElo "2563"]
[Result "1/2-1/2"]
[Round "02"]
[TimeControl "900+10"]
[Date "2021.12.26"]
[WhiteClock "0:00:58"]
[BlackClock "0:02:23"]

1. d4 Nf6 2. c4 e6 3. Nc3 Bb4 4. Qc2 O-O 5. a3 Bxc3+ 6. Qxc3 d5 7. e3 b6 8. cxd5 Nxd5 9. Qc2 Ba6 10. Bxa6 Nxa6 11. e4 Nf6 12. Nf3 c5 13. e5 Nd5 14. Qd3 Nac7 15. dxc5 bxc5 16. Ng5 f5 17. exf6 Nxf6 18. Qxd8 Rfxd8 19. Bf4 Nb5 20. O-O Nd4 21. Rae1 Nd5 22. Be5 Rd7 23. Bxd4 cxd4 24. Nxe6 Rb8 25. Nc5 Rdd8 26. Rd1 Nf4 27. Rd2 Rdc8 28. Ne4 Rb3 29. g3 Nd3 30. Kg2 Re8 31. Re2 Kf8 32. Rd1 a5 33. Kf1 a4 34. h4 h6 35. Nd2 Rxb2 36. Rxe8+ Kxe8 37. Nc4 Rxf2+ 38. Kg1 Rc2 39. Nd6+ Kd7 40. Rxd3 Kxd6 41. Rxd4+ Ke5 42. Rxa4 Ra2 43. h5 Kf5 44. Kf1 Kg5 45. g4 Kf6 46. Ke1 Ke5 47. Kd1 Rg2 48. Kc1 Kd5 49. Rf4 Ke5 50. Rb4 Kd5 51. a4 Kc5 52. Rf4 Re2 53. a5 Kb5 54. Rf7 Kxa5 55. Rxg7 Kb4 56. Rg6 Re4 57. Kd2 Kc4 58. g5 hxg5 59. Rxg5 Kd4 60. Ra5 Re8 61. h6 Rh8 62. Rh5 Ke4 63. Kc3 Kf4 64. Kd4 Kg4 65. Rh1 Kf5 66. Kd5 Kg6 67. Ke6 Rxh6 68. Rg1+ Kh7+ 69. Kf7 Rh2 70. Rg7+ Kh6 71. Rg6+ Kh7 72. Rg7+ Kh6 73. Rg6+ Kh7 1/2-1/2


[Site "http://www.Chess.com"]

[Event "FIDE World Rapid Chess Championship 2021"]
[White "Vakhidov, Jakhongir"]
[Black "Duda, Jan-Krzysztof"]
[WhiteFideId "14201801"]
[BlackFideId "1170546"]
[WhiteElo "2566"]
[BlackElo "2801"]
[Result "0-1"]
[Round "02"]
[TimeControl "900+10"]
[Date "2021.12.26"]
[WhiteClock "0:00:32"]
[BlackClock "0:02:47"]

1. c4 e5 2. Nc3 Nc6 3. Nf3 g6 4. d4 exd4 5. Nxd4 Bg7 6. Nxc6 dxc6 7. Qxd8+ Kxd8 8. e4 Be6 9. Bf4 a5 10. O-O-O Kc8 11. Be2 a4 12. Kc2 Nf6 13. Be5 Ra5 14. f4 a3 15. b4 Rxe5 16. fxe5 Nd7 17. Nb1 c5 18. b5 Bxe5 19. Kb3 c6 20. Nxa3 Kc7 21. h3 h5 22. Rhf1 Ra8 23. Rf3 Ra5 24. Kc2 Nf6 25. Rb3 Nxe4 26. Bf3 Nd6 27. bxc6 bxc6 28. g4 Nxc4 29. Nxc4 Bxc4 30. Kb1 Bxb3 31. axb3 Ra3 32. Kc2 c4 33. Rb1 Ra2+ 34. Kd1 c3 35. Be4 Rd2+ 36. Ke1 Bg3+ 0-1


[Site "http://www.Chess.com"]

[Event "FIDE World Rapid Chess Championship 2021"]
[White "Caruana, Fabiano"]
[Black "Theodorou, Nikolas"]
[WhiteFideId "2020009"]
[BlackFideId "4262875"]
[WhiteElo "2770"]
[BlackElo "2559"]
[Result "1-0"]
[Round "02"]
[TimeControl "900+10"]
[Date "2021.12.26"]
[WhiteClock "0:09:05"]
[BlackClock "0:03:27"]

1. e4 e5 2. Nf3 Nc6 3. Bb5 Nge7 4. Nc3 a6 5. Bc4 d6 6. d4 Nxd4 7. Nxd4 exd4 8. Qxd4 Be6 9. Bb3 c5 10. Qd3 b5 11. Bxe6 fxe6 12. Bg5 Qd7 13. O-O Nc6 14. Rad1 Ne5 15. Qg3 Nf7 16. Be3 b4 17. Ne2 Qc6 18. Qg4 Kd7 19. c3 a5 20. Nf4 Re8 21. cxb4 Ne5 22. Qh5 g5 23. Nh3 axb4 24. Nxg5 Kc7 25. Bf4 Bg7 26. Nf7 Qxe4 27. Nxd6 Qxf4 28. Nxe8+ Rxe8 29. Qxe8 Nf3+ 30. gxf3 Be5 31. Rd7+ 1-0


[Site "http://www.Chess.com"]

[Event "FIDE World Rapid Chess Championship 2021"]
[White "Grischuk, Alexander"]
[Black "Demidov, Mikhail"]
[WhiteFideId "4126025"]
[BlackFideId "4197143"]
[WhiteElo "2763"]
[BlackElo "2544"]
[Result "1-0"]
[Round "02"]
[TimeControl "900+10"]
[Date "2021.12.26"]
[WhiteClock "0:00:25"]
[BlackClock "0:01:33"]

1. e4 e6 2. d4 d5 3. Nc3 Be7 4. Nf3 Nf6 5. Bd3 c5 6. exd5 exd5 7. dxc5 O-O 8. O-O Bxc5 9. Bg5 Be6 10. Qd2 Nbd7 11. Rfe1 Re8 12. Bb5 Be7 13. Nd4 a6 14. Ba4 b5 15. Nc6 Qb6 16. Nxe7+ Rxe7 17. Bb3 h6 18. Nxd5 Bxd5 19. Rxe7 Bxb3 20. Bxf6 Qxf6 21. Qxd7 Qxb2 22. Rae1 Bxa2 23. Qc6 Rf8 24. Qxa6 Be6 25. Rc7 Qb4 26. Qa1 Qd6 27. Qe5 Qxe5 28. Rxe5 Rd8 29. Kf1 Bc4+ 30. Ke1 g6 31. Ra7 Kg7 32. Re3 h5 33. f3 Rd6 34. h3 Rd8 35. Ra1 Kf6 36. Rd1 Ra8 37. Rd6+ Kg5 38. Kd2 Kf4 39. g4 h4 40. Rd4+ Kg3 41. f4+ Kf2 42. f5 g5 43. f6 Ra6 44. Re5 Rxf6 45. Rxg5 Kg3 46. Rf5 Re6 47. Rxf7 Kxh3 48. Rh7 Re2+ 49. Kc3 Re3+ 50. Kb4 Kg3 51. g5 h3 52. g6 Kg2 53. Rd2+ Kf1 54. Rh2 Be6 55. g7 Rg3 56. R2xh3 Bxh3 57. Rxh3 Rxg7 58. Kxb5 Rb7+ 59. Kc6 Rb4 60. Kc5 Rb8 61. c4 Rc8+ 62. Kd5 Rd8+ 63. Kc6 Rc8+ 64. Kb5 Rb8+ 65. Ka6 Rc8 66. Rh4 Ke2 67. Kb7 1-0


[Site "http://www.Chess.com"]

[Event "FIDE World Rapid Chess Championship 2021"]
[White "Rapport, Richard"]
[Black "Bartel, Mateusz"]
[WhiteFideId "738590"]
[BlackFideId "1112635"]
[WhiteElo "2750"]
[BlackElo "2543"]
[Result "1-0"]
[Round "02"]
[TimeControl "900+10"]
[Date "2021.12.26"]
[WhiteClock "0:02:16"]
[BlackClock "0:01:01"]

1. e4 e6 2. d4 d5 3. e5 c5 4. c3 Qb6 5. Nf3 Nc6 6. a3 Nh6 7. Bd3 cxd4 8. cxd4 Nf5 9. Bxf5 exf5 10. Nc3 Be6 11. O-O Qd8 12. Be3 Be7 13. Ne1 g5 14. f4 g4 15. Nd3 Rc8 16. Rc1 h5 17. b4 h4 18. Qa4 h3 19. g3 O-O 20. Rf2 a6 21. Rfc2 Na7 22. Nc5 Bxc5 23. bxc5 Qe8 24. Rb2 Qxa4 25. Nxa4 Rc7 26. Rcb1 Bc8 27. Nc3 Rd8 28. Bd2 Nc6 29. Ne2 Re7 30. Kf2 Kf8 31. Bc3 Rdd7 32. Rb6 Re6 33. Nc1 Kg7 34. Nd3 Kg6 35. Nb4 Nxb4 36. R1xb4 Kg7 37. Rd6 Kf8 38. Rbb6 Rdxd6 39. cxd6 Ke8 40. Ke3 Kd7 41. Ba5 Re8 42. Kd3 Rg8 43. Kc3 Rg6 44. Kb4 Rg8 45. Kc5 Ke6 46. d7+ Kxd7 47. Kxd5 Ke8 48. Rh6 Ke7 49. Bb4+ Kd7 50. Rf6 Ke8 51. Kd6 b6 52. d5 a5 53. Bd2 Bb7 54. Kc7 1-0


[Site "http://www.Chess.com"]

[Event "FIDE World Rapid Chess Championship 2021"]
[White "Najer, Evgeniy"]
[Black "Mamedyarov, Shakhriyar"]
[WhiteFideId "4118987"]
[BlackFideId "13401319"]
[WhiteElo "2565"]
[BlackElo "2727"]
[Result "1/2-1/2"]
[Round "02"]
[TimeControl "900+10"]
[Date "2021.12.26"]
[WhiteClock "0:00:31"]
[BlackClock "0:00:27"]

1. e4 e5 2. Nf3 Nc6 3. Bb5 a6 4. Ba4 Nf6 5. O-O Nxe4 6. d4 b5 7. Bb3 d5 8. dxe5 Be6 9. c3 Be7 10. Nbd2 Nc5 11. Bc2 d4 12. cxd4 Nxd4 13. Nxd4 Qxd4 14. Nf3 Qxd1 15. Rxd1 O-O 16. Nd4 Rfd8 17. Be3 Bd5 18. Ne2 Ne6 19. f4 c5 20. f5 Nc7 21. Nc3 Rac8 22. Nxd5 Rxd5 23. Bf4 Rcd8 24. Kf1 c4 25. Ke2 h6 26. g3 b4 27. Be4 Rd4 28. Bb7 c3 29. bxc3 bxc3 30. Be3 Rb4 31. Rxd8+ Bxd8 32. Bf3 Bg5 33. Bxg5 hxg5 34. Kd3 Ra4 35. Bd1 Ra5 36. Kxc3 Rxe5 37. g4 Re1 38. Rb1 Nd5+ 39. Kd4 Nf6 40. h3 Kh7 41. Bc2 Re2 42. Bb3 Rd2+ 43. Kc5 Ne4+ 44. Kb6 Rd6+ 45. Kc7 Rf6 46. Re1 Nc5 47. Bc4 g6 48. Re5 Na4 49. Ra5 Nc3 50. Bxa6 Nd5+ 51. Kb7 Nb4 52. Bc4 Kg7 53. Bb3 gxf5 54. gxf5 Rh6 55. Rb5 Nd3 56. a4 Rxh3 57. a5 Nc5+ 58. Rxc5 Rxb3+ 59. Kc6 Ra3 60. Kb6 g4 61. a6 g3 62. a7 Kf6 63. Kb7 Rb3+ 64. Kc7 Ra3 65. Kb8 g2 66. Rc1 Kxf5 67. Rg1 Rb3+ 68. Kc7 Ra3 69. Kb7 1/2-1/2


[Site "http://www.Chess.com"]

[Event "FIDE World Rapid Chess Championship 2021"]
[White "Corrales Jimenez, Fidel"]
[Black "Artemiev, Vladislav"]
[WhiteFideId "3506690"]
[BlackFideId "24101605"]
[WhiteElo "2561"]
[BlackElo "2714"]
[Result "1/2-1/2"]
[Round "02"]
[TimeControl "900+10"]
[Date "2021.12.26"]
[WhiteClock "0:09:06"]
[BlackClock "0:00:20"]

1. e4 e5 2. Nf3 Nc6 3. d4 exd4 4. Nxd4 Bc5 5. Nb3 Bb6 6. Nc3 d6 7. Qe2 a5 8. Be3 a4 9. Bxb6 axb3 10. Be3 bxa2 11. Rxa2 Rxa2 12. Nxa2 Nge7 13. Nc3 O-O 14. Qd2 f5 15. Bc4+ Kh8 16. exf5 Nxf5 17. O-O Ne5 18. Be2 Nxe3 19. Qxe3 h6 20. f4 Ng4 21. Qg3 Nf6 22. Bd3 c6 23. b3 Qa5 24. Ne4 Nxe4 25. Bxe4 Bf5 26. Bxf5 Qxf5 27. c4 Re8 28. h3 Re2 29. Kh2 Kh7 30. Rd1 Re4 31. Rxd6 Rxf4 32. Rd7 Qxd7 33. Qxf4 Qd3 34. b4 Kg6 35. c5 Qf5 36. Qc7 Qe4 37. Qxb7 Qe5+ 38. Kh1 Qe1+ 1/2-1/2


[Site "http://www.Chess.com"]